 Dungeon Crawl Stone Soup version 0.25-a0-86-ga6f17ae7d4 (webtiles) character file.

Game seed: 6085810589361068726, levelgen mode: deterministic

476 D1HalberdGnoll the Poker (level 7, 0/55 HPs)
             Began as a Merfolk Skald on Nov 9, 2019.
             Was an Initiate of Fedhas.
             Killed from afar by an orc wizard (3 damage)
             ... with a magic dart
             ... on level 6 of the Dungeon.
             The game lasted 00:06:33 (5038 turns).

D1HalberdGnoll the Poker (Merfolk Skald)            Turns: 5038, Time: 00:06:34

Health: 0/55       AC: 10    Str: 19    XL:     7   Next: 10%
Magic:  8/10       EV: 19    Int: 13    God:    Fedhas [......]
Gold:   186        SH:  0    Dex: 18    Spells: 9/10 levels left

rFire    . . .     SeeInvis .   s - +2 halberd (pain)
rCold    . . .     Gourm    .   (shield currently unavailable)
rNeg     . . .     Faith    .   q - +0 ring mail
rPois    .         Spirit   .   c - +1 hat
rElec    .         Reflect  .   (no cloak)
rCorr    .         Harm     .   r - +2 pair of gloves
MR       .....                  b - +0 pair of boots
Stlth    ++........             (no amulet)
HPRegen  0.18/turn              k - +6 ring of strength
MPRegen  0.12/turn              (no ring)

@: agile
A: change form in water, swift swim, stealthy swim
a: Renounce Religion


You were on level 6 of the Dungeon.
You worshipped Fedhas.
Fedhas was noncommittal.
You were not hungry.

You visited 2 branches of the dungeon, and saw 7 of its levels.

You collected 186 gold pieces.

Inventory:

Hand Weapons
 a - a +0 spear
 h - a +3 dagger of protection
 s - a +2 halberd of pain (weapon)
Armour
 b - a +0 pair of boots (worn)
 c - a +1 hat (worn)
 q - a +0 ring mail (worn)
 r - a +2 pair of gloves (worn)
Jewellery
 k - a +6 ring of strength (left hand)
Scrolls
 e - 7 scrolls of remove curse
 i - 7 scrolls of identify
 o - 5 scrolls of enchant armour
 p - 2 scrolls of blinking
 t - a scroll of amnesia
 v - a scroll of fog
Potions
 f - a potion of invisibility {unknown}
 g - a potion of cancellation {unknown}
 j - a potion of mutation {unknown}
 l - 2 potions of agility
 m - a potion of brilliance {unknown}
 n - 2 potions of curing {unknown}
Comestibles
 d - 14 rations
 u - 2 chunks of flesh


   Skills:
 + Level 4.4 Fighting
 * Level 7.9 Polearms
 - Level 0.6 Armour
 + Level 5.4 Dodging
 - Level 2.0 Spellcasting
 - Level 3.2 Charms


You had 9 spell levels left.
You knew the following spells:

 Your Spells              Type           Power        Failure   Level  Hunger
a - Infusion              Chrm           #...         12%         1    ##.....

Your spell library contained the following spells:

 Spells                   Type           Power        Failure   Level  Hunger
 Song of Slaying          Chrm           #.......     17%         2    ###....
 Shroud of Golubria       Chrm/Tloc      #.....       34%         2    ###....
 Regeneration             Chrm/Necr      #.........   56%         3    ####...
 Spectral Weapon          Hex/Chrm       #.......     56%         3    ####...


Dungeon Overview and Level Annotations

Branches:
Dungeon (6/15)             Temple (1/1) D:5

Altars:
Ashenzari
Dithmenos
Elyvilon
Fedhas
Gozag
Hepliaklqana
Kikubaaqudgha
Makhleb
Nemelex Xobeh
Okawaru
Qazlal
Ru
Sif Muna
Trog
Uskayaw
Wu Jian
Xom
Yredelemnul
Zin
The Shining One

Annotations:
D:3 1 runed translucent door, Crazy Yiuf


Message History

The orc wizard casts a cantrip, but nothing happens.
Attack whom?
Press: ? - help, Dir - move target cursor, f/p - orc warrior
Aim: an orc warrior, wielding a +0 scimitar and wearing a +0 chain mail (severely wounded)
You hit the orc warrior.
The orc warrior is severely wounded.
The orc wizard hits you with a +0 dagger.
* * * LOW HITPOINT WARNING * * *
The orc warrior hits you with a +0 scimitar.
* * * LOW HITPOINT WARNING * * *
The orc wizard hits you with a +0 dagger.
* * * LOW HITPOINT WARNING * * *
It was a potion of agility.
You feel agile all of a sudden.
The orc warrior hits you with a +0 scimitar.
* * * LOW HITPOINT WARNING * * *
The orc wizard gestures at you while chanting.
The magic dart hits you.
You die...
Fedhas appreciates your contribution to the ecosystem.

.......... ..........
...# .... ############..#
...#
...........#..####...###.
....)......#.....#.......
...........#.....#.......
..>........#.....#.......
...........#.....#)......
...........#....@o).%....
...........'....o#.......
...........########..##..
############ ..# ... ....
.... ....


You could see an orc warrior and an orc wizard.

Vanquished Creatures
  A jelly (D:5)
  3 hounds
  An iguana (D:4)
  An orc wizard (D:6)
  A worker ant (D:4)
  A hound skeleton (D:5)
  4 gnolls
  10 adders
  A shadow imp (D:4)
  An ooze (D:4)
  2 worms
  A dart slug (D:4)
  4 leopard geckos
  15 orcs
  3 ball pythons
  8 bats
  9 giant cockroaches
  8 goblins
  4 hobgoblins
  9 jackals
  8 kobolds
  3 quokkas
  5 frilled lizards
  A leopard gecko skeleton (D:4)
  7 rats
111 creatures vanquished.

Notes
Turn   | Place    | Note
-------+----------+-------------------------------------------
     0 | D:1      | D1HalberdGnoll the Merfolk Skald began the quest for the
                  | Orb.
     0 | D:1      | Reached XP level 1. HP: 16/16 MP: 3/3
   255 | D:1      | Reached XP level 2. HP: 17/23 MP: 5/5
   606 | D:2      | Reached skill level 4 in Polearms
   873 | D:2      | Reached XP level 3. HP: 24/28 MP: 6/6
  1763 | D:2      | Reached XP level 4. HP: 33/34 MP: 7/7
  1780 | D:2      | Found a shadowy altar of Dithmenos.
  2164 | D:3      | Reached skill level 5 in Polearms
  2624 | D:3      | Reached XP level 5. HP: 41/41 MP: 8/8
  2733 | D:3      | Found a runed translucent door.
  2734 | D:3      | Noticed Crazy Yiuf
  3254 | D:3      | Found a hazy altar of Hepliaklqana.
  3429 | D:4      | Reached skill level 6 in Polearms
  3698 | D:4      | Reached XP level 6. HP: 48/48 MP: 9/9
  3845 | D:4      | Found an iron altar of Okawaru.
  4071 | D:5      | Entered Level 5 of the Dungeon
  4131 | D:5      | Reached skill level 7 in Polearms
  4175 | D:5      | Reached skill level 5 in Dodging
  4281 | D:5      | Found a staircase to the Ecumenical Temple.
  4299 | Temple   | Entered the Ecumenical Temple
  4387 | Temple   | Became a worshipper of Fedhas Madash
  4623 | D:5      | Found a bloodstained altar of Trog.
  4669 | D:5      | Reached XP level 7. HP: 50/55 MP: 10/10
  5038 | D:6      | Killed from afar by an orc wizard

Levels and vault maps discovered:
D:1:      lemuel_arrival_rhombus, layout_basic
D:2:      minmay_skewed_foursquare, layout_basic, grunt_dithmenos_smoke
D:3:      layout_loops_ring, lemuel_round_altar, uniq_crazy_yiuf_cottage
D:4:      layout_cave_pools, okawaru_gym_becter
D:5:      layout_basic, lightli_temple_of_fire, minmay_temple_entry_butterflies,
          first_ration, kennysheep_decorative_pillar,
          chequers_serial_rivers_marsh
D:6:      layout_gridville
Temple:   lightli_temple_of_artemis

Skill      XL: |  1  2  3  4  5  6 |
---------------+-------------------+-----
Dodging        | 3 4 5 |  5.4
Polearms       | 4 5 6 7 |  7.9
Fighting       | 3 4 |  4.4
Armour         | |  0.6
Spellcasting   | |  2.0
Charms         | |  3.2

Action                   |  1- 3 |  4- 6 |  7- 9 || total
-------------------------+-------+-------+-------++-------
Melee: Spear             |    27 |       |       ||    27
       Dagger            |   133 |   364 |       ||   497
       Halberd           |       |     8 |    25 ||    33
 Cast: Infusion          |       |     7 |     1 ||     8
  Use: Scroll            |       |     8 |       ||     8
       Potion            |       |       |     1 ||     1
 Stab: Sleeping          |     1 |       |       ||     1
  Eat: Chunk             |     2 |    11 |     1 ||    14
Armor: Leather armour    |    19 |       |       ||    19
       Ring mail         |    41 |   172 |     2 ||   215
Dodge: Dodged            |    83 |   276 |    11 ||   370

Table legend:
 A = Non-vault XP
 B = Vault XP
 C = Vault XP percentage of total XP
 D = Non-vault monster count
 E = Vault monster count
 F = Vault count percentage of total count
                 A         B        C        D         E       F
            +---------+---------+-------+---------+---------+-------
      Total |     678 |       3 |   0.4 |     109 |       2 |   1.8
            +---------+---------+-------+---------+---------+-------
        D:1 |      22 |       0 |   0.0 |      13 |       0 |   0.0
        D:2 |      71 |       3 |   4.1 |      26 |       2 |   7.1
        D:3 |     118 |       0 |   0.0 |      35 |       0 |   0.0
        D:4 |     232 |       0 |   0.0 |      21 |       0 |   0.0
        D:5 |     194 |       0 |   0.0 |      11 |       0 |   0.0
        D:6 |      41 |       0 |   0.0 |       3 |       0 |   0.0
            +---------+---------+-------+---------+---------+-------
